 Dungeon Crawl Stone Soup version 0.26.0-10-g1f06aea511 (webtiles) character file.

Game seed: 4175970715831437069

2 sanka the Sneak (level 1, 0/21 HPs)
             Began as a Naga Delver on Jan 20, 2021.
             Slain by a river rat (5 damage)
             ... on level 5 of the Dungeon.
             The game lasted 00:00:18 (73 turns).

sanka the Sneak (Naga Delver)                         Turns: 73, Time: 00:00:18

Health: 0/21       AC:  1    Str: 14    XL:     1   Next: 40%
Magic:  1/1        EV:  9    Int: 10    God:
Gold:   11         SH:  0    Dex: 12    Spells: 0/0 levels left

rFire    . . .     SeeInvis +   a - +0 hand axe
rCold    . . .     Faith    .   (no shield)
rNeg     . . .     Spirit   .   b - +0 leather armour
rPois    +         Reflect  .   (no helmet)
rElec    .         Harm     .   (no cloak)
rCorr    .         Rampage  .   (no gloves)
Will     .....                  (no barding)
Stlth    +++.......             (no amulet)
HPRegen  0.07/turn              (no ring)
MPRegen  0.07/turn              (no ring)

@: short of breath, very slow
A: large, see invisible, deformed body, poison resistance, slowness 2, spit
poison 1, AC +0
a: Spit Poison


You were on level 5 of the Dungeon.
You visited 1 branch of the dungeon, and saw 1 of its levels.

You collected 11 gold pieces.


Innate Abilities, Weirdness & Mutations

You cannot wear boots.
Your serpentine skin is tough. (AC +0)
You have supernaturally acute eyesight. (SInv)
Armour fits poorly on your strangely shaped body.
Your system is resistant to poisons. (rPois)
You cover ground very slowly.
You can spit poison.


   Skills:
 - Level 3.0 Fighting
 - Level 2.0 Axes
 - Level 1.5 Dodging
 + Level 7.4 Stealth


You couldn't memorise any spells.
You didn't know any spells.
Your spell library was empty.

Inventory:

Hand Weapons
 a - a +0 hand axe (weapon)
Armour
 b - a +0 leather armour (worn)
Wands
 g - a wand of digging (3)
Scrolls
 c - a scroll of fog
 d - a scroll of magic mapping
 e - a scroll of fear
Potions
 f - a potion of haste {@q3}

Dungeon Overview and Level Annotations

Branches:
Dungeon (5/15)
 Temple: D:4-7

Altars:

Portals:
Sewer: D:5

.......................▒▒▒▒▒▒▒▒▒
.........)................▒
.........▒▒▒▒▒▒▒..........
.........▒≈≈≈≈≈▒......▒▒▒
.........▒≈≈∩≈≈▒......+.▒
.........▒≈≈≈≈≈▒......▒.▒
.........▒ ≈≈≈r▒....▒...▒
.▒▒▒▒▒▒r.▒▒.▒.▒.▒
.......N(▒▒.▒...▒
..▒▒▒...▒▒▒.▒▒▒.▒
▒▒▒...▒▒▒.▒▒▒.▒ ▒.............▒
▒.▒▒▒.▒▒.▒▒▒▒▒▒. ▒. ▒.▒.........
▒ ▒.▒..▒▒▒▒.▒▒ ▒.▒..▒ ▒.▒..▒


You could see a river rat and a rat.


Message History

You see here a quokka corpse.
Found a spear.
You open the door.
There is an open door here.
Found a long sword.
You hear the slow rusting of a drain nearby.
You open the door.
There is an open door here.
Found 15 bolts.
Found 11 gold pieces.
Found a leatherbound book.
You now have 11 gold pieces.
The ball python hisses angrily.
Found a glowing drain.
You open the door. The ball python bites you.
You slash the ball python!
You kill the ball python!
Use which ability? (? or * to list)
Aim: a river rat The splash of poison hits the river rat!
The river rat is almost dead.
The river rat bites you!
* * * LOW HITPOINT WARNING * * *
You barely miss the river rat.
The river rat is almost dead.
The river rat bites you.
* * * LOW HITPOINT WARNING * * *
The river rat bites you.
You die...

Action                   || total
-------------------------++-------
Melee: Hand axe          ||     4
 Abil: Spit Poison       ||     1
Dodge: Dodged            ||     2

Levels and vault maps discovered:
D:5:      layout_basic, kennysheep_mini_moat, minmay_temple_entry_offerings,
          portal_sewer_entry_c

Notes
Turn   | Place    | Note
-------+----------+-------------------------------------------
     0 | D:5      | sanka the Naga Delver began the quest for the Orb.
     0 | D:5      | Reached XP level 1. HP: 21/21 MP: 1/1
    66 | D:5      | Found a glowing drain.
    73 | D:5      | Slain by a river rat

Vanquished Creatures
  A ball python (D:5)
  A quokka (D:5)
2 creatures vanquished.

Table legend: (Time is in decaauts)
 A = Elapsed time spent in this place.
 B = Non-inter-level travel time spent in this place.
 C = Inter-level travel time spent in this place.
 D = Time resting spent in this place.
 E = Time spent auto-exploring this place.
 F = Levels seen in this place.
 G = Mean time per level.
                   A        B        C        D        E       F      G
               +--------+--------+--------+--------+--------+-----+--------+
         Total |     99 |     99 |      0 |      0 |     78 |   1 |   99.0 |
       Dungeon |     99 |     99 |      0 |      0 |     78 |   1 |   99.0 |
               +--------+--------+--------+--------+--------+-----+--------+

Top non-repeatable levels by time:
     D:5: 99 daAuts
